 Dungeon Crawl Stone Soup version 0.27-a0-906-g0a00ce863d (webtiles) character file.

Game seed: 10883089917298244477

7 littlecub the Ruffian (level 2, -9/25 HPs)
             Began as a Ghoul Gladiator on Apr 6, 2021.
             Mangled by Terence
             ... wielding a +0 flail
              (10 damage)
             ... on level 2 of the Dungeon.
             The game lasted 00:00:56 (211 turns).

littlecub the Ruffian (Ghoul Gladiator)              Turns: 211, Time: 00:00:56

Health: -9/25      AC:  4    Str: 17    XL:     2   Next: 4%
Magic:  1/1        EV: 12    Int:  3    God:
Gold:   20         SH:  0    Dex: 10    Spells: 1/1 levels left

rFire    . . .     SeeInvis .     - Unarmed
rCold    + . .     Faith    .   (no shield)
rNeg     + + +     Spirit   .   a - +0 leather armour
rPois    ∞         Reflect  .   b - +0 helmet
rElec    .         Harm     .   (no cloak)
rCorr    .         Rampage  .   (no gloves)
Will     .....                  (no boots)
Stlth    +.........             (no amulet)
HPRegen  0.00/turn              (no ring)
MPRegen  0.07/turn              (no ring)

@: no status effects
A: claws 1, cold resistance 1, negative energy resistance 3, inhibited
regeneration, torment resistance 2, unbreathing 1
a: no special abilities


You were on level 2 of the Dungeon.
You visited 1 branch of the dungeon, and saw 2 of its levels.

You collected 20 gold pieces.

Inventory:

Missiles
 c - 3 throwing nets (quivered)
Armour
 a - a +0 leather armour (worn)
 b - a +0 helmet (worn)
Scrolls
 d - a scroll of summoning {unknown}
 e - 2 scrolls of amnesia {unknown}


   Skills:
 * Level 2.5 Fighting
 - Level 1.7 Throwing
 + Level 0.3 Armour
 + Level 2.7 Dodging
 * Level 3.4 Unarmed Combat


You had one spell level left.
You didn't know any spells.
Your spell library contained the following spells:

 Spells                   Type           Power      Damage    Failure   Level
 Confusing Touch          Hex            0%         N/A       91%         3
 Gell's Gravitas          Tloc           0%         N/A       91%         3
 Petrify                  Tmut/Erth      0%         N/A       100%        4
 Metabolic Englaciation   Hex/Ice        0%         N/A       100%        5
 Yara's Violent Unravell  Hex/Tmut       0%         3d3       100%        5


Dungeon Overview and Level Annotations

Branches:
Dungeon (1/15)

Altars:
Fedhas

Annotations:
D:2 Robin, Terence


Innate Abilities, Weirdness & Mutations

You thrive by killing the living.
You are immune to poison.
You have sharp fingernails.
Your flesh is cold resistant. (rC+)
You are immune to negative energy. (rN+++)
You do not regenerate when monsters are visible.
You are immune to unholy pain and torment.
You can survive without breathing.


Message History

As you open the door, it creaks loudly!
You hear a shout! x2
A goblin comes into view. It is wielding a +0 dagger.
Robin of the Strong Arm comes into view.
They are wielding a +1 whip of flaming.
A hobgoblin comes into view.
There is an open door here.
Terence the Incautious comes into view.
He is wielding a +0 flail.
An adder comes into view.
The adder hisses angrily.
You scratch the adder.
The adder is lightly wounded.
The adder bites you but does no damage. x2
You barely miss the adder.
The adder is lightly wounded.
The adder barely misses you.
You closely miss the adder.
The adder is lightly wounded.
The adder completely misses you.
You closely miss the adder.
The adder is lightly wounded.
The adder bites you but does no damage. Terence hits you with a +0 flail.
You closely miss the adder.
The adder is lightly wounded.
The adder barely misses you.
Terence says, "Rest in peace."
Terence hits you with a +0 flail.
You scratch the adder.
The adder is moderately wounded.
The adder bites you but does no damage. Terence closely misses you.
The adder closely misses you.
You miss the adder.
The adder is moderately wounded.
The adder misses you. Terence hits you with a +0 flail.
You closely miss the adder.
The adder is moderately wounded.
The adder closely misses you. Terence hits you with a +0 flail!
* * * LOW HITPOINT WARNING * * *
You barely miss the adder.
The adder is moderately wounded.
The adder misses you. Terence hits you with a +0 flail!
You die...

..g.g...####...##
.g.g.g..g........
.g..g...#.##...#
.g.B...##g# #
#.gg..# #@#
##...# #.# ##+#
#.# #
#g####.#..#.
#gg@@S......
########.###


You could see Terence, an adder and 3 goblins.

Vanquished Creatures
  An endoplasm (D:1)
  A goblin (D:1)
  2 hobgoblins (D:1)
  A kobold (D:1)
  A ball python (D:1)
6 creatures vanquished.

Notes
Turn   | Place    | Note
-------+----------+-------------------------------------------
     0 | D:1      | littlecub the Ghoul Gladiator began the quest for the Orb.
     0 | D:1      | Reached XP level 1. HP: 17/17 MP: 0/0
   184 | D:1      | Reached XP level 2. HP: 25/25 MP: 1/1
   191 | D:1      | You fall into a shaft and drop 1 floor!
   191 | D:2      | Found a blossoming altar of Fedhas.
   192 | D:2      | Noticed Robin
   197 | D:2      | Noticed Terence
   210 | D:2      | HP: 1/25 [Terence/+0 flail (7)]
   211 | D:2      | Mangled by Terence

Illustrated notes

Levels and vault maps discovered:
D:1:      minmay_arrival_arboretum_small, layout_basic
D:2:      layout_loops_corners, basic_altar, basic_ecumenical_altar,
          uniq_terence, uniq_jessica, uniq_robin

Action                   || total
-------------------------++-------
Melee: Unarmed           ||    20
Armor: Leather armour    ||     6
Dodge: Dodged            ||    14

Table legend: (Time is in decaauts)
 A = Elapsed time spent in this place.
 B = Non-inter-level travel time spent in this place.
 C = Inter-level travel time spent in this place.
 D = Time resting spent in this place.
 E = Time spent auto-exploring this place.
 F = Levels seen in this place.
 G = Mean time per level.
                   A        B        C        D        E       F      G
               +--------+--------+--------+--------+--------+-----+--------+
         Total |    209 |    209 |      0 |      0 |    159 |   2 |  104.5 |
       Dungeon |    209 |    209 |      0 |      0 |    159 |   2 |  104.5 |
               +--------+--------+--------+--------+--------+-----+--------+

Top non-repeatable levels by time:
     D:1: 190 daAuts
     D:2: 19 daAuts
